 Dungeon Crawl Stone Soup version 0.31.0-32-g396128a36d (webtiles) character file.

Game seed: 12193522684157924953

37 KittyFluff the Changeling (level 3, 0/33 HPs)
             Began as a Troll Shapeshifter on Apr 14, 2024.
             Slain by Sigmund
             ... wielding a +2 scythe of venom
              (2 damage)
             ... on level 2 of the Dungeon.
             The game lasted 00:02:57 (674 turns).

KittyFluff the Changeling (Troll Shapeshifter)       Turns: 674, Time: 00:02:58

Health: 0/33       AC:  4    Str: 24    XL:     3   Next: 21%
Magic:  2/2        EV:  9    Int:  6    God:
Gold:   83         SH:  0    Dex:  9    Spells: 2/2 levels left

rFire   . .          .
                       - Unarmed
rCold   . . .        (no shield)
rNeg    . . .        o - +0 robe
rPois   .            (helmet currently unavailable)
rElec   .            (cloak currently unavailable)
rCorr   .            (gloves unavailable)
SInv    .            (boots unavailable)
Will    .....        (no amulet)
Stlth   +            (no ring)
HPRegen 1.05/turn    (no ring)
MPRegen 0.08/turn

%: no passive effects
@: lethally poisoned (0 -> -1), beast-form
A: beast (slay +2), large, unfitting armour, claws 3, regeneration 1, shaggy fur
1, tough skin 1
a: Begin Untransformation


You were on level 2 of the Dungeon.
You were a hulking beast.
You visited 1 branch of the dungeon, and saw 2 of its levels.

You collected 83 gold pieces.

Inventory:

Hand Weapons
 e - a +0 club
 l - a +0 sling
 m - a +0 whip
 p - a +0 quarterstaff
Missiles
 j - 24 stones (quivered)
Armour
 o - a +0 robe (worn)
Talismans
 c - a beast talisman
 d - a flux talisman
Scrolls
 f - a scroll of identify {unknown}
Potions
 a - 2 potions of mutation {unknown}
 b - a potion of lignification
 g - a potion of invisibility {unknown}
 h - a potion of heal wounds {unknown}
 i - a potion of cancellation {unknown}
 k - a potion of curing {unknown}
 n - a potion of might {unknown}


   Skills:
 + Level 1.2 Fighting
 + Level 1.9 Dodging
 + Level 3.2 Unarmed Combat
 * Level 3.5 Shapeshifting


You had 2 spell levels left.
You didn't know any spells.
Your spell library contained the following spells:

 Spells                   Type           Power      Damage    Failure   Level
 Apportation              Tloc           0%         N/A       45%         1
 Necrotise                Necr           0%         1d4       45%         1
 Sting                    Conj/Alch      0%         1d3       45%         1
 Summon Small Mammal      Summ           0%         N/A       45%         1
 Scorch                   Fire           0%         2d5       58%         2
 Flame Wave               Conj/Fire      0%         2d4       99%         4
 Summon Cactus Giant      Summ           0%         N/A       100%        6


Dungeon Overview and Level Annotations

Branches:
Dungeon (2/15)

Altars:

Annotations:
D:2 Sigmund


Innate Abilities, Weirdness & Mutations

You are a hulking beast.
Your limbs bulge with bestial killing power. (Slay +2)
You are too large for most types of armour.
You have claws for hands.
Your natural rate of healing is unusually fast.
You are covered in fur. (AC +1)
You have tough skin. (AC +1)


Message History

You closely miss the kobold. You scratch the kobold.
You kill the kobold!
Things that are here:
a +0 whip; a kobold corpse A quokka comes into view.
You scratch the quokka.
The quokka is moderately wounded.
The quokka bites you.
The quokka bites you but does no damage.
You claw the quokka!
You kill the quokka!
Found a quarterstaff.
You see here a +0 quarterstaff.
p - a +0 quarterstaff A hobgoblin comes into view.
Sigmund the Dreaded comes into view.
He is wielding a +2 scythe of venom.
Found a leather armour and a scroll labelled EJEPIUKIFA.
Sigmund shouts!
Sigmund gestures wildly while chanting.
Sigmund flickers and vanishes!
Deactivating autopickup; reactivate with Ctrl-A.
A rat comes into view.
The hobgoblin barely misses you.
You claw the hobgoblin!
You kill the hobgoblin!
Something hits you. Something hits you!
You closely miss the rat. The rat bites you.
You claw the rat!
You kill the rat!
Something hits you!
You are poisoned.
You feel sick. Something hits you.
* * * LOW HITPOINT WARNING * * *
You barely miss something.
* * * LOW HITPOINT WARNING * * *
You feel sick.
You barely miss something.
You feel sick. Something hits you.
You die...

#####.#.###.#
#.......# ###.#####
##.## #...# #...#
#...# #####...#####
#........h.[#
...........{...?..#
###...........###.#
#####...##### #...#
#...# #...# ##.##


There were no monsters in sight!

Vanquished Creatures
  2 dart slugs (D:1)
  A bat (D:1)
  4 endoplasms (D:1)
  2 giant cockroaches (D:1)
  4 goblins (D:1)
  4 hobgoblins
  4 kobolds
  2 quokkas
  A ball python (D:1)
  4 rats
28 creatures vanquished.

Notes
Turn   | Place    | Note
-------+----------+-------------------------------------------
     0 | D:1      | KittyFluff the Troll Shapeshifter began the quest for the
                  | Orb.
     0 | D:1      | Reached XP level 1. HP: 18/18 MP: 0/0
    85 | D:1      | Reached skill level 1 in Fighting
    85 | D:1      | Reached XP level 2. HP: 26/27 MP: 1/1
   339 | D:1      | Reached XP level 3. HP: 32/33 MP: 2/2
   664 | D:2      | Noticed Sigmund
   674 | D:2      | Slain by Sigmund

Illustrated notes

Levels and vault maps discovered:
D:1:      psy_arrival_spokes, layout_basic, minmay_split_cup_small
D:2:      layout_loops_cross, basic_altar, serial_shops,
          nicolae_shop_competitors_out_of_business, uniq_sigmund

Skill      XL: |  1 |
---------------+----+-----
Fighting       | 1 |  1.2
Dodging        | |  1.9
Unarmed Combat | |  3.2
Shapeshifting  | |  3.5

Action                     || total
---------------------------++-------
  Melee: Unarmed           ||    66
 Armour: Animal skin       ||    27
         Robe              ||    12
  Dodge: Dodged            ||    23
